 Dungeon Crawl Stone Soup version 0.30-a0-743-gbfdf073431 (webtiles) character file.

Game seed: 1696049629276718903

135 Sabo the Digger (level 5, 0/31 HPs)
             Began as an Octopode Earth Elementalist on Feb 5, 2023.
             Was an Initiate of Makhleb.
             Slain by an orc
             ... wielding a +0 mace
              (4 damage)
             ... on level 4 of the Dungeon.
             The game lasted 00:19:15 (3300 turns).

Sabo the Digger (Octopode Earth Elementalist)       Turns: 3300, Time: 00:19:15

Health: 0/31       AC:  1    Str:  7    XL:     5   Next: 18%
Magic:  8/10       EV: 13    Int: 19    God:    Makhleb [......]
Gold:   26         SH:  0    Dex: 13    Spells: 7/11 levels left

rFire   . . .      SeeInvis +    s - +2 whip (venom)
rCold   . . .      Faith    .    (no shield)
rNeg    . . .      Spirit   .    (helmet restricted)
rPois   .          Reflect  .    (no amulet)
rElec   .          Harm     .    o - +4 ring of slaying
rCorr   .          Rampage  .    f - ring of see invisible
Will    .....                    (no ring)
Stlth   +++                      (no ring)
HPRegen 0.25/turn                (no ring)
MPRegen 0.12/turn                (no ring)
                                 (no ring)
                                 (no ring)

@: no status effects
A: almost no armour, amphibious, 8 rings, camouflage 1, gelatinous body 1,
(nimble swimmer 1), tentacles
a: Renounce Religion


You were on level 4 of the Dungeon.
You worshipped Makhleb.
Makhleb was noncommittal.
You visited 1 branch of the dungeon, and saw 4 of its levels.

You collected 176 gold pieces.
You spent 150 gold pieces at shops.

Inventory:

Hand Weapons
 s - a +2 whip of venom (weapon)
Missiles
 b - 5 poisoned darts (quivered)
 p - 3 boomerangs
Jewellery
 f - a ring of see invisible (right tentacle)
 o - a +4 ring of slaying (left tentacle)
 r - a ring of ice
Scrolls
 c - a scroll of fog
 d - 2 scrolls of magic mapping
 g - 2 scrolls of immolation
 h - 2 scrolls of enchant armour
 j - a scroll of amnesia
 t - a scroll of enchant weapon {unknown}
 u - a scroll of teleportation {unknown}
 v - a scroll of vulnerability {unknown}
Potions
 e - 3 potions of attraction {unknown}
 i - 2 potions of curing
 k - 2 potions of mutation {unknown}
 l - 2 potions of degeneration {unknown}
 m - 2 potions of haste {unknown}
 n - 2 potions of flight {unknown}
 q - 2 potions of heal wounds {unknown}


   Skills:
 + Level 2.1 Dodging
 + Level 3.0 Stealth
 + Level 3.8 Spellcasting
 + Level 1.0 Transmutations
 + Level 4.1 Earth Magic


You had 7 spell levels left.
You knew the following spells:

 Your Spells              Type           Power      Damage    Failure   Level
a - Sandblast             Erth           38%        2d10      2%          1
b - Stone Arrow           Conj/Erth      22%        3d8       19%         3

Your spell library contained the following spells:

 Spells                   Type           Power      Damage    Failure   Level
 Passwall                 Tmut/Erth      10%        N/A       8%          2
 Summon Small Mammal      Summ           12%        N/A       14%         1
 Call Canine Familiar     Summ           3%         N/A       38%         3
 Summon Guardian Golem    Hex/Summ       3%         N/A       38%         3
 Petrify                  Tmut/Erth      13%        N/A       43%         4


Dungeon Overview and Level Annotations

Branches:
Dungeon (4/15)
 Temple: D:4-7

Altars:
Makhleb
Yredelemnul

Shops:
D:2 [   D:3 =


Innate Abilities, Weirdness & Mutations

You cannot wear most types of armour.
You are amphibious.
You can wear up to eight rings at the same time.
Your skin changes colour to match your surroundings (Stealth+).
Your rubbery body absorbs attacks. (AC +1, EV +1)
((You are camouflaged when in or above water. (Stealth+)))
You have tentacles for arms and can constrict up to eight enemies at once.


Message History

Casting: Sandblast (safe; 2% risk of failure)
Confirm with . or Enter, or press ? or * to list all spells.
Aiming: Sandblast (safe; 2% risk of failure)
Press: ? - help, Shift-Dir - straight line, f - orc
Aim: an orc, wielding a +0 mace and wearing a +0 chain mail (87% to hit)
The blast of sand hits the orc but does no damage.
The kobold barely misses you. The orc misses you.
Casting: Sandblast (safe; 2% risk of failure)
Confirm with . or Enter, or press ? or * to list all spells.
Aiming: Sandblast (safe; 2% risk of failure)
Press: ? - help, Shift-Dir - straight line, f/p - orc
Aim: an orc, wielding a +0 mace and wearing a +0 chain mail (87% to hit)
The blast of sand hits the orc.
The orc is lightly wounded.
The kobold closely misses you. The orc closely misses you.
The orc hits you with a +0 mace.
The kobold hits you with a +0 short sword.
Your magical contamination has completely faded away.
Magic courses through your body. The orc hits you with a +0 mace.
* * * LOW HITPOINT WARNING * * *
The kobold closely misses you.
Casting: Sandblast (safe; 2% risk of failure)
Confirm with . or Enter, or press ? or * to list all spells.
Aiming: Sandblast (safe; 2% risk of failure)
Press: ? - help, Shift-Dir - straight line, f/p - orc
Aim: an orc, wielding a +0 mace and wearing a +0 chain mail (lightly wounded, 87% to hit)
The blast of sand hits the orc but does no damage.
The orc is lightly wounded.
The kobold hits you with a +0 short sword.
* * * LOW HITPOINT WARNING * * *
The orc closely misses you.
Casting: Sandblast (safe; 2% risk of failure)
Confirm with . or Enter, or press ? or * to list all spells.
Aiming: Sandblast (safe; 2% risk of failure)
Press: ? - help, Shift-Dir - straight line, f/p - orc
Aim: an orc, wielding a +0 mace and wearing a +0 chain mail (lightly wounded, 87% to hit)
The blast of sand hits the orc.
The orc is heavily wounded.
The kobold barely misses you. The orc hits you with a +0 mace.
You die...

.....#.### .........
#.#.#..# ..(....### #
##......#..
#..####[........####
#..).oK.......# #.. #
#)@)......# #.# .#
#.........# #.###.#
#####.........# #.#...
#.............###...#
#..................####
#####.........#>#......
#................##
#.....[.....#..#...
#.............####.


You could see an orc and a kobold.

Vanquished Creatures
  A hound (D:4)
  5 adders
  2 worms (D:2)
  3 dart slugs
  4 orcs
  8 bats
  5 endoplasms
  5 goblins
  3 hobgoblins
  3 ball pythons
  2 frilled lizards
  2 kobolds (D:2)
  3 rats
46 creatures vanquished.

Notes
Turn   | Place    | Note
-------+----------+-------------------------------------------
     0 | D:1      | Sabo the Octopode Earth Elementalist began the quest for
                  | the Orb.
     0 | D:1      | Reached XP level 1. HP: 11/11 MP: 3/3
   542 | D:1      | Reached XP level 2. HP: 17/17 MP: 3/5
  1047 | D:2      | Reached XP level 3. HP: 18/21 MP: 1/6
  1631 | D:2      | Reached XP level 4. HP: 27/27 MP: 5/8
  1808 | D:2      | Found Xighag's Armour Emporium.
  1956 | D:2      | Learned a level 3 spell: Stone Arrow
  2140 | D:3      | Found a basalt altar of Yredelemnul.
  2158 | D:3      | Found Qaecs's Jewellery Boutique.
  2311 | D:3      | Found a faded altar of an unknown god.
  2414 | D:3      | Found a burning altar of Makhleb.
  2430 | D:3      | Became a worshipper of Makhleb the Destroyer
  3031 | D:3      | Bought a ring of see invisible for 150 gold pieces
  3191 | D:4      | Reached XP level 5. HP: 26/31 MP: 7/10
  3247 | D:4      | Reached skill level 4 in Earth Magic
  3300 | D:4      | Slain by an orc

Illustrated notes

Levels and vault maps discovered:
D:1:      onia_arrival_pentagram, layout_loops_corners
D:2:      layout_basic, serial_shops, nicolae_diamond_shop
D:3:      layout_loops_cross, mainiacjoe_overflow_alcove_4, lemuel_round_altar,
          shapermc_ecumenical_altar_venn, serial_shops, shop
D:4:      layout_rooms, minmay_temple_entry_glass

Skill      XL: |  1  2  3  4  5 |
---------------+----------------+-----
Spellcasting   | 3 |  3.8
Earth Magic    | 4 |  4.1
Stealth        | 3 |  3.0
Dodging        | |  2.1
Transmutations | |  1.0

Action                     |  1- 3 |  4- 6 || total
---------------------------+-------+-------++-------
  Melee: Long sword        |     3 |       ||     3
         Constrict         |     2 |       ||     2
   Cast: Sandblast         |    37 |    35 ||    72
    Use: Scroll            |       |     6 ||     6
         Potion            |       |     4 ||     4
 Armour: Skin              |     3 |       ||     3
  Dodge: Dodged            |    10 |    19 ||    29

Table legend: (Time is in decaauts)
 A = Elapsed time spent in this place.
 B = Non-inter-level travel time spent in this place.
 C = Inter-level travel time spent in this place.
 D = Time resting spent in this place.
 E = Time spent auto-exploring this place.
 F = Levels seen in this place.
 G = Mean time per level.
                   A        B        C        D        E       F      G
               +--------+--------+--------+--------+--------+-----+--------+
         Total |   3334 |   3334 |      0 |    763 |      0 |   4 |  833.5 |
       Dungeon |   3334 |   3334 |      0 |    763 |      0 |   4 |  833.5 |
               +--------+--------+--------+--------+--------+-----+--------+

Top non-repeatable levels by time:
     D:1: 1046 daAuts
     D:3: 1042 daAuts
     D:2: 1020 daAuts
     D:4: 224 daAuts
